 Dungeon Crawl Stone Soup version 0.28.0-53-g5a82cb258f (webtiles) character file.

Game seed: 11570964583614131220

156 issech the Chopper (level 5, -2/47 HPs)
             Began as a Minotaur Monk on June 24, 2022.
             Slain by an orc wizard
             ... wielding a +0 dagger
              (3 damage)
             ... on level 3 of the Dungeon.
             The game lasted 00:06:18 (1979 turns).

issech the Chopper (Minotaur Monk)                  Turns: 1979, Time: 00:06:18

Health: -2/47      AC:  2    Str: 15    XL:     5   Next: 14%
Magic:  4/4        EV: 13    Int:  7    God:
Gold:   168        SH:  0    Dex: 15    Spells: 4/4 levels left

rFire   . . .      SeeInvis .   a - +0 hand axe
rCold   . . .      Faith    .   (no shield)
rNeg    . . .      Spirit   .   b - +0 robe
rPois   .          Reflect  .   (helmet restricted)
rElec   .          Harm     .   (no cloak)
rCorr   +          Rampage  .   (no gloves)
Will    .....                   (no boots)
Stlth   +.........              (no amulet)
HPRegen 0.15/turn               i - ring of resist corrosion
MPRegen 0.09/turn               j - ring of wizardry

@: confused
A: horns 2, retaliatory headbutt
a: no special abilities


You were on level 3 of the Dungeon.
You visited 1 branch of the dungeon, and saw 3 of its levels.

You collected 168 gold pieces.

Inventory:

Hand Weapons
 a - a +0 hand axe (weapon)
 l - a +0 flail
 m - a +0 short sword
 n - a +0 mace
Missiles
 c - 101 stones (quivered)
 g - 32 bolts
 k - 3 poisoned darts
 p - 21 arrows
Armour
 b - a +0 robe (worn)
Jewellery
 i - a ring of resist corrosion (left hand)
 j - a ring of wizardry (right hand)
Scrolls
 d - a scroll of noise {unknown}
 e - a scroll of identify {unknown}
 o - a scroll of teleportation {unknown}
 q - a scroll of magic mapping {unknown}
Potions
 f - 2 potions of experience {unknown}
 h - a potion of attraction {unknown}


   Skills:
 + Level 4.5 Fighting
 + Level 5.1 Axes
 + Level 0.9 Throwing
 + Level 4.2 Dodging
 + Level 2.2 Stealth


You had 4 spell levels left.
You didn't know any spells.
Your spell library contained the following spells:

 Spells                   Type           Power      Damage    Failure   Level
 Animate Skeleton         Necr           0%         N/A       19%         1
 Apportation              Tloc           0%         N/A       19%         1
 Slow                     Hex            0%         N/A       19%         1
 Summon Small Mammal      Summ           0%         N/A       19%         1
 Confusing Touch          Hex            0%         N/A       45%         3
 Vampiric Draining        Necr           0%         2d6       45%         3


Dungeon Overview and Level Annotations

Branches:
Dungeon (3/15)

Altars:
Beogh

Shops:
D:3 *


Innate Abilities, Weirdness & Mutations

You have a pair of horns on your head.
You reflexively headbutt those who attack you in melee.


Message History

The orc wizard hits you with a +0 dagger. x3
You hit the orc wizard but do no damage.
The orc wizard is lightly wounded.
You hit the orc wizard. The orc wizard barely misses you.
The orc wizard hits you but does no damage.
You hit the orc wizard but do no damage.
The orc wizard is lightly wounded.
You barely miss the orc wizard. The orc wizard barely misses you.
You furiously retaliate!
You headbutt the orc wizard. The orc wizard misses you.
You hit the orc wizard.
The orc wizard is heavily wounded.
You miss the orc wizard.
The orc wizard hits you with a +0 dagger. x2
You hit the orc wizard but do no damage.
The orc wizard is heavily wounded.
You closely miss the orc wizard.
The orc wizard gestures at you while chanting.
The magic dart hits you!
* * * LOW HITPOINT WARNING * * *
The orc wizard casts a spell at you.
You are confused.
You're too confused to move!
The orc wizard hits you with a +0 dagger.
* * * LOW HITPOINT WARNING * * *
The orc wizard hits you with a +0 dagger.
* * * LOW HITPOINT WARNING * * *
The orc wizard casts a spell at you.
You are more confused.
The orc wizard hits you with a +0 dagger.
* * * LOW HITPOINT WARNING * * *
You are too confused!
Unknown command.
You are too confused!
You hit the orc wizard.
The orc wizard is severely wounded.
The orc wizard gestures at you while chanting.
You resist with some effort.
The orc wizard hits you with a +0 dagger.
You die...

#. # #.# # #######
...#.### .......
#.#.#.# .....#
.....# ####.#
#.#.######## # #.#
# #...o....... #
#.#
....###o..##### #
#.# #.......@.# #
#.# .......#.## #
#.########..#.#
####.......##..#.#
.....#####.##..#.#
##...# #.#####.#
##...# #.# ###.#
.....# #.# #...#
##...# #.#####.#


You could see 2 orc wizards.

Vanquished Creatures
  An orc priest (D:3)
  Jessica (D:3)
  Natasha (twice) (D:3)
  A gnoll (D:1)
  A worm (D:2)
  A dart slug (D:1)
  5 orcs (D:3)
  4 ball pythons
  2 endoplasms
  2 goblins
  3 hobgoblins
  3 kobolds
  2 quokkas
  A bat (D:1)
  2 frilled lizards (D:1)
  4 rats
35 creatures vanquished.

Notes
Turn   | Place    | Note
-------+----------+-------------------------------------------
     0 | D:1      | issech the Minotaur Monk began the quest for the Orb.
     0 | D:1      | Reached XP level 1. HP: 19/19 MP: 0/0
   125 | D:1      | Reached XP level 2. HP: 20/27 MP: 1/1
   129 | D:1      | Reached skill level 4 in Axes
   476 | D:1      | Found a faded altar of an unknown god.
   759 | D:1      | Reached XP level 3. HP: 29/33 MP: 2/2
  1511 | D:3      | Noticed Natasha
  1517 | D:3      | Killed Natasha
  1567 | D:3      | Reached XP level 4. HP: 29/41 MP: 3/3
  1695 | D:3      | Noticed Jessica
  1701 | D:3      | Killed Jessica
  1702 | D:3      | Reached skill level 5 in Axes
  1745 | D:3      | Found Runni's Assorted Antiques.
  1803 | D:3      | Noticed Natasha
  1811 | D:3      | Killed Natasha
  1812 | D:3      | Reached XP level 5. HP: 46/47 MP: 4/4
  1978 | D:3      | HP: 1/47 [orc wizard/+0 dagger (3)]
  1979 | D:3      | Slain by an orc wizard

Illustrated notes

Levels and vault maps discovered:
D:1:      heliophobic_arrival_battle_scene, layout_basic,
          hellmonk_ecumenical_altar_leap_of_faith
D:2:      layout_rooms
D:3:      layout_basic, serial_shops, nicolae_square_shop,
          corexii_hall_statues_l, kennysheep_orc_chapel,
          uniq_crazy_yiuf_cottage, uniq_jessica, uniq_natasha

Skill      XL: |  1  2  3  4 |
---------------+-------------+-----
Axes           | 4 5 |  5.1
Fighting       | 4 |  4.5
Dodging        | 4 |  4.2
Stealth        | 2 |  2.2
Throwing       | |  0.9

Action                   |  1- 3 |  4- 6 || total
-------------------------+-------+-------++-------
Melee: Hand axe          |    60 |    30 ||    90
       Headbutt          |     8 |     6 ||    14
       Punch             |     1 |       ||     1
Throw: Stone             |    10 |       ||    10
 Stab: Sleeping          |     2 |     1 ||     3
Armor: Robe              |    15 |     3 ||    18
Dodge: Dodged            |    62 |    19 ||    81
